 Dungeon Crawl Stone Soup version 0.30-a0-793-g160f7cfddd (webtiles) character file.

Game seed: 2869265305504195120

945 timneilson the Shield-Bearer (level 8, -2/48 HPs)
             Began as a Gargoyle Fighter on Feb 19, 2023.
             Was an Initiate of Okawaru.
             Slain by an ogre
             ... wielding a +0 giant spiked club
              (22 damage)
             ... on level 6 of the Dungeon.
             The game lasted 00:09:56 (4845 turns).

timneilson the Shield-Bearer (Gargoyle Fighter)     Turns: 4845, Time: 00:09:57

Health: -2/48      AC: 16    Str: 21    XL:     8   Next: 13%
Magic:  9/9        EV:  8    Int:  8    God:    Okawaru [......]
Gold:   122        SH:  6    Dex: 11    Spells: 7/7 levels left

rFire   . . .      SeeInvis .    d - +0 scimitar
rCold   . . .      Faith    .    c - +1 buckler
rNeg    + . .      Spirit   .    k - +0 chain mail
rPois   ∞          Reflect  .    (no helmet)
rElec   +          Harm     .    (no cloak)
rCorr   +          Rampage  .    w - +0 pair of gloves
Will    .....                    (no boots) Stlth
                                 (no amulet)
HPRegen 0.28/turn                f - ring of resist corrosion
MPRegen 0.11/turn                (no ring)

@: studying Dodging
A: sickness immunity, AC +5, negative energy resistance 1, electricity
resistance, torment resistance 1, petrification resistance
a: Renounce Religion


You were on level 6 of the Dungeon.
You worshipped Okawaru.
Okawaru was noncommittal.
You visited 2 branches of the dungeon, and saw 7 of its levels.
You also visited: Ossuary.

You collected 226 gold pieces.
You spent 104 gold pieces at shops.

Inventory:

Hand Weapons
 a - a +1 long sword
 d - a +0 scimitar (weapon)
Armour
 c - a +1 buckler (worn)
 k - a +0 chain mail (worn)
 w - a +0 pair of gloves (worn)
Jewellery
 f - a ring of resist corrosion (left hand)
 h - a ring of fire
Wands
 n - a wand of flame (23)
Scrolls
 j - a scroll of enchant armour
 m - a scroll of identify
 o - 2 scrolls of magic mapping
 s - 2 scrolls of enchant weapon
 u - a scroll of fear
Potions
 b - 3 potions of heal wounds
 e - a potion of cancellation
 g - 4 potions of curing
 i - 3 potions of brilliance
 l - 7 potions of mutation
 p - a potion of lignification
 q - a potion of attraction {unknown}
 r - a potion of ambrosia
 t - 2 potions of invisibility
 v - a potion of might


   Skills:
 + Level 4.7 Fighting
 * Level 4.3 Long Blades
 * Level 5.7 Armour
 + Level 3.0 Dodging
 * Level 5.9 Shields
 + Level 1.4 Invocations
 + Level 1.1 Evocations


You had 7 spell levels left.
You didn't know any spells.
Your spell library contained the following spells:

 Spells                   Type           Power      Damage    Failure   Level
 Sandblast                Erth           0%         2d4       99%         1
 Passwall                 Tmut/Erth      0%         N/A       100%        2
 Stone Arrow              Conj/Erth      0%         3d7       100%        3


Dungeon Overview and Level Annotations

Branches:
Dungeon (6/15)             Temple (1/1) D:4         Ossuary (visited)

Altars:
Ashenzari
Cheibriados
Elyvilon
Fedhas
Gozag
Hepliaklqana
Kikubaaqudgha
Makhleb
Nemelex Xobeh
Okawaru
Qazlal
Ru
Sif Muna
Trog
Vehumet
Wu Jian
Xom
Yredelemnul
Zin
The Shining One

Shops:
D:3 (((:


Innate Abilities, Weirdness & Mutations

You are immune to sickness and miasma.
Your stone body is resilient. (AC +5)
You are immune to poison.
You resist negative energy. (rN+)
You are resistant to electric shocks. (rElec)
You are resistant to unholy torment.
You are immune to petrification.


Message History

You hit the iguana.
The iguana is almost dead.
The iguana bites you! x2
You slash the iguana!
You kill the iguana!
Okawaru accepts your kill.
You see here a +0 pair of gloves.
w - a +0 pair of gloves You start putting on your armour.
You continue putting on your +0 pair of gloves. x4
You finish putting on your +0 pair of gloves.
HP restored.
Found a stone staircase leading down.
An ogre comes into view. It is wielding a +0 giant spiked club.
The ogre shouts!
The ogre closely misses you.
You hit the ogre.
The ogre is lightly wounded.
You block the ogre's attack.
You hit the ogre.
The ogre is lightly wounded.
You closely miss the ogre.
The ogre is lightly wounded.
The ogre barely misses you.
You slash the ogre!
The ogre is severely wounded.
The ogre barely misses you.
You hit the ogre.
The ogre is almost dead.
The ogre hits you with a +0 giant spiked club!!
Ouch! That really hurt!
You hit the ogre but do no damage.
The ogre is almost dead.
The ogre barely misses you.
You hit the ogre but do no damage.
The ogre is almost dead.
You hit the ogre but do no damage.
The ogre is almost dead.
The ogre hits you with a +0 giant spiked club!!
You die...

### #######.###
..>..$....#######
######@.........
.#O#.####### .#.#.#
.#.#.# ###.#.#.#
...#.#.# ## #....#.# ..
###.####.#######
...#.###...............


You could see an ogre.

Vanquished Creatures
  Pargi (D:2)
  A black bear (D:4)
  An ogre (D:5)
  A phantom (D:5)
  A scorpion (D:5)
  A necrophage (D:5)
  A hound (D:4)
  A jelly (D:4)
  A human zombie (Ossuary)
  An orc priest (D:5)
  Natasha (thrice) (D:3)
  2 iguanas
  3 mummies (Ossuary)
  6 adders
  3 gnolls (D:3)
  A shadow imp (D:6)
  A white imp (D:5)
  2 worms
  5 dart slugs
  8 orcs
  3 endoplasms (D:3)
  A giant cockroach (D:1)
  5 hobgoblins
  5 jackals
  4 kobolds
  4 quokkas
  10 ball pythons
  4 bats
  6 frilled lizards
  2 gnoll zombies (Ossuary)
  8 goblins
  A goblin zombie (Ossuary)
  A hobgoblin zombie (Ossuary)
  2 kobold zombies (Ossuary)
  An orc zombie (Ossuary)
  8 rats
109 creatures vanquished.

Vanquished Creatures (others)
  A plant (D:4)
1 creature vanquished.

Grand Total: 110 creatures vanquished

Notes
Turn   | Place    | Note
-------+----------+-------------------------------------------
     0 | D:1      | timneilson the Gargoyle Fighter began the quest for the
                  | Orb.
     0 | D:1      | Reached XP level 1. HP: 14/14 MP: 1/1
   140 | D:1      | Reached XP level 2. HP: 19/19 MP: 2/2
   639 | D:1      | Reached XP level 3. HP: 23/23 MP: 3/3
  1292 | D:2      | Identified the +6 quarterstaff "Daifyann" {elec, +Blink
                  | rPois Dex+2}
  1333 | D:2      | Reached XP level 4. HP: 28/28 MP: 4/4
  1686 | D:2      | Identified a scroll of acquirement
  1686 | D:2      | Acquired a manual of Dodging
  1742 | D:3      | Noticed Natasha
  1752 | D:3      | Killed Natasha
  1851 | D:3      | Reached skill level 1 in Dodging
  1862 | D:3      | Reached XP level 5. HP: 14/33 MP: 5/5
  1976 | D:3      | Found Ygeghuah's Antique Weapon Boutique.
  2323 | D:3      | Noticed Pargi
  2334 | D:2      | Killed Pargi
  2335 | D:2      | Reached XP level 6. HP: 35/38 MP: 6/6
  2350 | D:3      | Found Wuiraulo's Book Shoppe.
  2461 | D:3      | Found Haokleeh's Weapon Shoppe.
  2481 | D:3      | Found Zyidd's Antique Weapon Emporium.
  2499 | D:3      | Bought a scimitar for 104 gold pieces
  2636 | D:3      | Noticed Natasha
  2650 | D:3      | Killed Natasha
  2735 | D:3      | Noticed Natasha
  2748 | D:3      | Killed Natasha
  2883 | D:4      | Reached skill level 5 in Shields
  2986 | D:4      | Noticed a black bear
  2993 | D:4      | Killed a black bear
  2994 | D:4      | Reached XP level 7. HP: 28/44 MP: 7/7
  3094 | D:4      | Reached skill level 5 in Armour
  3095 | D:4      | Found a staircase to the Ecumenical Temple.
  3135 | Temple   | Entered the Ecumenical Temple
  3201 | Temple   | Became a worshipper of Warmaster Okawaru
  3412 | D:4      | Found a basalt altar of Yredelemnul.
  3412 | D:4      | Found an opulent altar of Gozag.
  3414 | D:4      | Found a shimmering altar of Xom.
  3784 | D:5      | Entered Level 5 of the Dungeon
  3889 | D:5      | Reached skill level 1 in Invocations
  3993 | D:5      | Found a sand-covered staircase.
  4009 | Ossuary  | Entered an ossuary
  4054 | Ossuary  | Reached skill level 1 in Evocations
  4220 | Ossuary  | Reached XP level 8. HP: 46/48 MP: 8/8
  4845 | D:6      | Slain by an ogre

Illustrated notes

Levels and vault maps discovered:
D:1:      nagdon_arrival_double_spiral, layout_basic
D:2:      layout_loops_ring, serial_bayou_pond_d, minmay_pentomino_z4
D:3:      layout_loops_ring, serial_shops, shop, shop, shop,
          nicolae_diamond_shop, uniq_natasha, uniq_pargi
D:4:      layout_loops_cross, chequers_temple_overflow_statue_of_worship,
          minmay_temple_entry_drinking_statues, serial_forest,
          infiniplex_forest_clump_double, infiniplex_forest_lined_2,
          infiniplex_forest_lined_2, infiniplex_forest_fountain,
          infiniplex_forest_end_3, infiniplex_forest_clump_medium,
          infiniplex_forest_clump_medium, infiniplex_forest_lined_2,
          uniq_crazy_yiuf_cottage
D:5:      layout_rooms, enter_ossuary_5
D:6:      layout_basic, guppyfry_early_elven_hall
Temple:   minmay_crystal_spiral_temple

Skill      XL: |  1  2  3  4  5  6  7  8 |
---------------+-------------------------+-----
Long Blades    | 2 3 4 |  4.3
Shields        | 4 5 |  5.9
Armour         | 4 5 |  5.7
Dodging        | 1 2 3 |  3.0
Fighting       | 4 |  4.7
Invocations    | 1 |  1.4
Evocations     | 1 |  1.1

Action                     |  1- 3 |  4- 6 |  7- 9 || total
---------------------------+-------+-------+-------++-------
  Melee: Long sword        |   157 |    94 |       ||   251
         Scimitar          |       |    39 |   159 ||   198
    Use: Scroll            |     1 |     9 |     9 ||    19
         Potion            |       |     1 |     1 ||     2
 Armour: Scale mail        |   107 |       |       ||   107
         Chain mail        |    10 |    89 |    66 ||   165
  Dodge: Dodged            |    74 |    49 |    52 ||   175
  Block: Buckler           |    34 |    43 |    33 ||   110

Table legend: (Time is in decaauts)
 A = Elapsed time spent in this place.
 B = Non-inter-level travel time spent in this place.
 C = Inter-level travel time spent in this place.
 D = Time resting spent in this place.
 E = Time spent auto-exploring this place.
 F = Levels seen in this place.
 G = Mean time per level.
                   A        B        C        D        E       F      G
               +--------+--------+--------+--------+--------+-----+--------+
         Total |   4999 |   4761 |    238 |    113 |   3399 |   8 |  624.9 |
       Dungeon |   4475 |   4320 |    155 |     85 |   3150 |   6 |  745.8 |
        Temple |    221 |    138 |     83 |      0 |    116 |   1 |  221.0 |
       Ossuary |    302 |    302 |      0 |     28 |    133 |   1 |  302.0 |
               +--------+--------+--------+--------+--------+-----+--------+

Top non-repeatable levels by time:
     D:3: 1176 daAuts
     D:1: 990 daAuts
     D:2: 790 daAuts
     D:4: 724 daAuts
     D:5: 556 daAuts
 Ossuary: 302 daAuts
     D:6: 236 daAuts
  Temple: 221 daAuts
